 Dungeon Crawl Stone Soup version 0.23.1 (webtiles) character file.

Game seed: 14164512820216235066

221 Revguard the Slasher (level 5, -6/39 HPs)
             Began as a Demonspawn Gladiator on Mar 10, 2019.
             Killed from afar by Sigmund (10 damage)
             ... with a puff of flame
             ... on level 4 of the Dungeon.
             The game lasted 00:09:17 (3160 turns).

Revguard the Slasher (Demonspawn Gladiator)         Turns: 3160, Time: 00:09:20

Health: -6/39      AC:  4    Str: 14    XL:     5   Next: 65%
Magic:  5/5        EV: 13    Int:  9    God:
Gold:   112        SH:  0    Dex: 16    Spells: 4/4 levels left

rFire    . . .     SeeInvis .   a - +0 long sword
rCold    + . .     Gourm    .   (no shield)
rNeg     . . .     Faith    .   b - +0 leather armour
rPois    .         Spirit   .   c - +0 helmet
rElec    +         Reflect  .   (no cloak)
rCorr    .         Harm     .   (no gloves)
MR       .....                  (no boots)
Stlth    +.........             (no amulet)
HPRegen  0.13/turn              (no ring)
MPRegen  0.09/turn              (no ring)

@: no status effects
A: claws 1, talons 1, cold resistance 1, demonic guardian 1, high mp 1,
electricity resistance
a: no special abilities


You were on level 4 of the Dungeon.
You were not hungry.

You visited 1 branch of the dungeon, and saw 4 of its levels.

You collected 112 gold pieces.

Inventory:

Hand Weapons
 a - a +0 long sword (weapon)
Missiles
 d - 3 throwing nets (quivered)
Armour
 b - a +0 leather armour (worn)
 c - a +0 helmet (worn)
Wands
 o - a wand of digging (6)
Scrolls
 e - a scroll of enchant weapon {unknown}
 g - 5 scrolls of identify {unknown}
 h - 2 scrolls of remove curse {unknown}
 j - a scroll of magic mapping {unknown}
 l - 2 scrolls of noise {unknown}
 n - a scroll of teleportation {unknown}
Potions
 i - a potion of flight
Comestibles
 f - 3 rations


   Skills:
 + Level 2.7 Fighting
 + Level 4.5 Long Blades
 + Level 1.8 Throwing
 + Level 2.0 Armour
 + Level 3.3 Dodging


You had 4 spell levels left.
You didn't know any spells.
Your spell library was empty.

Dungeon Overview and Level Annotations

Branches:
Dungeon (4/15)
 Temple: D:4-7

Altars:
Elyvilon
Nemelex Xobeh
Okawaru
Qazlal

Annotations:
D:4 Sigmund


Innate Abilities, Weirdness & Mutations

You have sharp toenails.
A weak demonic guardian rushes to your aid.
You have sharp fingernails.
Your flesh is cold resistant. (rC+)
You have an increased reservoir of magic. (+10% MP)
You are resistant to electric shocks. (rElec)


Message History

Something hits you but does no damage.
You hit something but do no damage. You miss something.
Your kick misses something. Something hits you.
You hit something but do no damage. Your kick misses something.
You hear some strange, mumbled words.
A magic dart appears from out of thin air!
The magic dart hits you!
* * * LOW HITPOINT WARNING * * *
You hit something but do no damage. You claw something.
You hear some strange, mumbled words.
A magic dart appears from out of thin air!
The magic dart hits you!
* * * LOW HITPOINT WARNING * * *
You barely miss something.
You hear some strange, mumbled words.
Something tries to affect you, but you resist.
You hear some strange, mumbled words.
A puff of flame appears from out of thin air!
The puff of flame hits you!
You die...

.....# .#.#.##############
..................##
.#.#.#######...#...########
....[........#........{...#
...#.#####.#...#...######.#
...................######.#
......####.####{........).#
...#..####.####.@......#.{#
...#.......)....######.#..#
...#..####.####.# #.#..#
..##..## #.# #.# #.#..#
.......# #.# #.######.#..#
...###.###.#
#...........#.... #..#
#.....# #.##.#####.......
##.###.##### #.# #..#....
#.....# #.. #........


There were no monsters in sight!

Vanquished Creatures
  A howler monkey (D:4)
  A centaur skeleton (D:4)
  An iguana (D:4)
  3 adders
  3 oozes
  A dart slug (D:3)
  A leopard gecko (D:1)
  3 orcs
  7 bats
  4 giant cockroaches
  5 goblins
  12 hobgoblins
  7 quokkas
  3 ball pythons (D:2)
  5 frilled lizards
  3 kobolds
  7 rats
67 creatures vanquished.

Vanquished Creatures (collateral kills)
  A bullfrog skeleton (D:4)
  An adder (D:4)
2 creatures vanquished.

Grand Total: 69 creatures vanquished

Notes
Turn   | Place    | Note
-------+----------+-------------------------------------------
     0 | D:1      | Revguard the Demonspawn Gladiator began the quest for the
                  | Orb.
     0 | D:1      | Reached XP level 1. HP: 16/16 MP: 1/1
   138 | D:1      | Reached skill level 3 in Long Blades
   159 | D:1      | Gained mutation: You have sharp toenails. [demonic
                  | ancestry]
   159 | D:1      | Reached XP level 2. HP: 22/22 MP: 2/2
   602 | D:2      | Found a sparkling altar of Nemelex Xobeh.
   719 | D:2      | Reached XP level 3. HP: 27/27 MP: 3/3
  1681 | D:2      | Gained mutation: You have an increased reservoir of magic.
                  | (+10% MP) [potion of mutation]
  1681 | D:2      | Gained mutation: You have sharp fingernails. [potion of
                  | mutation]
  1681 | D:2      | Gained mutation: You are resistant to electric shocks.
                  | (rElec) [potion of mutation]
  1681 | D:2      | Gained mutation: Your flesh is cold resistant. (rC+)
                  | [potion of mutation]
  1805 | D:3      | Reached XP level 4. HP: 33/33 MP: 4/4
  1833 | D:3      | Reached skill level 1 in Armour
  1996 | D:3      | Reached skill level 4 in Long Blades
  2442 | D:3      | Found a white marble altar of Elyvilon.
  2494 | D:4      | Found a stormy altar of Qazlal.
  2496 | D:4      | Found an iron altar of Okawaru.
  2501 | D:4      | Noticed Sigmund
  2666 | D:4      | Gained mutation: A weak demonic guardian rushes to your
                  | aid. [demonic ancestry]
  2666 | D:4      | Reached XP level 5. HP: 28/39 MP: 5/5
  3160 | D:4      | Killed from afar by Sigmund

Skill      XL: |  1  2  3  4  5 |
---------------+----------------+-----
Long Blades    | 3 4 |  4.5
Dodging        | 3 |  3.3
Armour         | 1 2 |  2.0
Fighting       | |  2.7
Throwing       | |  1.8

Action                   |  1- 3 |  4- 6 || total
-------------------------+-------+-------++-------
Melee: Long sword        |    98 |    96 ||   194
       Kick              |    18 |    40 ||    58
  Use: Potion            |     1 |     3 ||     4
  Eat: Chunk             |     3 |     2 ||     5
       Ration            |       |     1 ||     1
Armor: Leather armour    |    19 |    17 ||    36
Dodge: Dodged            |    70 |    68 ||   138
       Rpst.: Long sword |    18 |    24 ||    42
